 Dungeon Crawl Stone Soup version 0.30-a0-292-g0f741e3f8e (webtiles) character file.

Game seed: 14050036731709970169

51346 funkygono the Fencer (level 14, -19/127 HPs)
             Began as a Minotaur Fighter on Oct 17, 2022.
             Was a High Priest of the Shining One.
             Demolished by an ogre
             ... wielding a +0 giant club
              (23 damage)
             ... on level 1 of the Orcish Mines.
             The game lasted 00:41:49 (19020 turns).

funkygono the Fencer (Minotaur Fighter)            Turns: 19020, Time: 00:41:49

Health: -19/127    AC: 23    Str: 26    XL:     14   Next: 23%
Magic:  0/17       EV:  8    Int:  5    God:    the Shining One [*****.]
Gold:   1448       SH: 23    Dex: 10    Spells: 13/13 levels left

rFire   + + .      SeeInvis .    t - +6 long sword of Wuockuff {holy, rN+}
rCold   + + +      Faith    .    T - +2 shield of Resistance {rF++ rC++ Will++}
rNeg    + + +      Spirit   +    C - +0 plate armour
rPois   .          Reflect  .    (helmet restricted)
rElec   .          Harm     .    H - +1 cloak {Stlth+}
rCorr   .          Rampage  .    f - +1 pair of gloves
Will    ++++.                    s - +1 pair of boots
Stlth   ..........               r - amulet of guardian spirit
HPRegen 0.41/turn                i - ring of protection from cold
MPRegen 0.15/turn                E - ring of willpower

@: divinely shielded, glowing
A: horns 2, retaliatory headbutt
a: Renounce Religion, Divine Shield, Cleansing Flame, Summon Divine Warrior


You were on level 1 of the Orcish Mines.
You worshipped the Shining One.
The Shining One was extremely pleased with you.
You visited 3 branches of the dungeon, and saw 17 of its levels.
You also visited: Sewer, Ossuary and Bailey.

You collected 1448 gold pieces.

Inventory:

Hand Weapons
 a - a +1 long sword of venom
 l - a +2 scimitar of flaming
 m - the +4 bardiche of the Many Beds {vorpal, rC+ Str+4 Stlth+}
   (You took it off an orc priest on level 10 of the Dungeon)

   It inflicts extra damage upon your enemies.
   Str:       It affects your strength (+4).
   rC:        It protects you from cold.
   Stlth:     It makes you more stealthy.
 t - the +6 long sword of Wuockuff (weapon) {holy, rN+}
   (You found it on level 10 of the Dungeon)

   It has been blessed by the Shining One to cause great damage to the undead
   and demons.
   rN:        It protects you from negative energy.
Missiles
 u - 2 javelins
 v - 40 poisoned darts
 N - 11 boomerangs (quivered)
 Y - a curare-tipped dart
Armour
 f - a +1 pair of gloves (worn)
 s - a +1 pair of boots (worn)
 w - a +0 buckler of protection
 C - a +0 plate armour (worn)
 H - a +1 cloak of stealth (worn)
 T - the +2 shield of Resistance (worn) {rF++ rC++ Will++}
   (You found it in a bailey)

   rF:        It greatly protects you from fire.
   rC:        It greatly protects you from cold.
   Will:      It greatly increases your willpower.
 V - a +1 chain mail of poison resistance
Jewellery
 i - a ring of protection from cold (left hand)
 r - an amulet of guardian spirit (around neck)
 E - a ring of willpower (right hand)
 F - a ring of ice
 P - a +6 ring of intelligence
Wands
 e - a wand of acid (8)
 h - a wand of flame (21)
 K - a wand of roots (11)
 L - a wand of mindburst (29)
Scrolls
 b - a scroll of silence
 j - a scroll of magic mapping
 n - 4 scrolls of poison
 o - 14 scrolls of teleportation
 y - 2 scrolls of amnesia
 D - a scroll of enchant armour
 M - 4 scrolls of fear
 O - a scroll of fog
Potions
 c - 4 potions of attraction
 d - 7 potions of might
 g - 3 potions of cancellation
 k - 5 potions of mutation
 q - 2 potions of lignification
 x - 12 potions of curing
 z - 6 potions of haste
 A - 3 potions of resistance
 B - 10 potions of heal wounds
 G - a potion of flight {unknown}
 J - 2 potions of berserk rage
Miscellaneous
 Q - a piece from Xom's chessboard (15/15)


   Skills:
 + Level 12.7 Fighting
 + Level 15.7 Long Blades
 + Level 4.9 Throwing
 + Level 12.7 Armour
 + Level 4.5 Dodging
 + Level 1.1 Stealth
 + Level 14.1 Shields
 + Level 6.5 Invocations


You had 13 spell levels left.
You didn't know any spells.
Your spell library contained the following spells:

 Spells                   Type           Power      Damage    Failure   Level
 Apportation              Tloc           0%         N/A       100%        1
 Cigotuvi's Dreadful Rot  Necr/Pois/Air  0%         N/A       100%        2
 Poisonous Vapours        Pois/Air       0%         N/A       100%        2
 Scorch                   Fire           0%         2d5       100%        2
 Dazzling Flash           Conj/Hex       0%         N/A       100%        3
 Frozen Ramparts          Ice            0%         1d1       100%        3
 Ignite Poison            Fire/Tmut/Pois 0%         N/A       100%        3
 Mephitic Cloud           Conj/Pois/Air  0%         N/A       100%        3
 Portal Projectile        Hex/Tloc       0%         N/A       100%        3
 Tukima's Dance           Hex            0%         N/A       100%        3
 Flame Wave               Conj/Fire      0%         2d4       100%        4
 Ice Form                 Ice/Tmut       0%         N/A       100%        4
 Iskenderun's Mystic Bla  Conj/Tloc      0%         2d3       100%        4
 Sticky Flame             Conj/Fire      0%         2d3       100%        4
 Summon Ice Beast         Ice/Summ       0%         N/A       100%        4
 Alistair's Intoxication  Tmut/Pois      0%         N/A       100%        5
 Blade Hands              Tmut           0%         N/A       100%        5
 Starburst                Conj/Fire      0%         6d3       100%        6
 Summon Cactus Giant      Summ           0%         N/A       100%        6
 Ignition                 Fire           0%         3d3       100%        8
 Chain Lightning          Conj/Air       0%         N/A       100%        9
 Fire Storm               Conj/Fire      0%         5d1       100%        9
 Shatter                  Erth           0%         3d5*      100%        9


Dungeon Overview and Level Annotations

Branches:
Dungeon (10/15)            Temple (0/1) D:6            Lair (5/5) D:9
 Shoals (0/4) Lair:2       Spider (0/4) Lair:3        Slime (0/5) Lair:5
    Orc (2/2) D:9             Elf (0/3) Orc:2         Sewer (visited)
Ossuary (visited)          Bailey (visited)

Altars:
Cheibriados
Fedhas
Gozag
Kikubaaqudgha
Makhleb
Nemelex Xobeh
Okawaru
Qazlal
Sif Muna
Trog
Wu Jian
Zin
The Shining One
Jiyva

Shops:
D:5 :   D:6 *

Annotations:
Lair:5 1 runed translucent door


Innate Abilities, Weirdness & Mutations

You have a pair of horns on your head.
You reflexively headbutt those who attack you in melee.


Message History

The orc knight is heavily wounded.
You block the orc warrior's attack.
You hit the orc knight but do no damage.
The orc knight is heavily wounded.
You block the ettin's attack. x2; The orc knight barely misses you.
The ogre hits you but does no damage. You block the troll's attack.
The troll completely misses you. The troll claws you but does no damage.
The orc warrior hits you with a +0 short sword!!
You completely miss the orc knight.
The orc knight is heavily wounded.
You block the orc warrior's attack. The troll bites you. The troll claws you.
The troll claws you but does no damage.
An orc priest comes into view. It is wielding a +0 whip.
You block the orc warrior's attack. You block the ettin's attack.
The ettin hits you but does no damage.
The orc knight hits you with a +0 war axe.
* * * LOW HITPOINT WARNING * * *
The ogre hits you but does no damage.
The orc priest shouts!
You hit the orc knight. Your headbutt misses the orc knight.
The orc knight is heavily wounded.
The orc warrior no longer looks unusually strong.
The orc warrior hits you but does no damage.
You block the troll's attack. The troll claws you but does no damage.
You block the troll's attack. You block the orc warrior's attack.
The ettin hits you with a +0 dire flail of draining!!
* * * LOW HITPOINT WARNING * * *
The ettin hits you with a +0 dire flail!
* * * LOW HITPOINT WARNING * * *
The orc knight hits you but does no damage.
You slash the orc knight!
The orc knight is severely wounded.
You block the orc warrior's attack. You block the troll's attack.
The troll claws you but does no damage. x2
An orc comes into view.
It is wielding a +0 flail and quivering boomerangs of dispersal.
An orc comes into view. It is wielding a +0 falchion.
The orc warrior hits you with a +0 short sword.
* * * LOW HITPOINT WARNING * * *
The ogre hits you with a +0 giant club!!
You die...

..........##.
#............ #
..........# #.
........##
##..#........##
#............$#
#.....oT....##
#.....@oo.....
#.....oOC......
##.....o....o.o
#..........$..o
#.............#
##....#.......#
#..............
##............#


You could see an orc knight, an ettin, a troll, 3 orc warriors, an ogre, an orc
priest and 3 orcs.

Vanquished Creatures
  Erica (Lair:2)
  4 two-headed ogres
  A hydra (Lair:3)
  2 boulder beetles
  A catoblepas (Lair:5)
  3 death yaks (Lair:5)
  An orc knight (Orc:2)
  A cyclops (Orc:2)
  2 black mambas (Lair:5)
  Joseph (D:7)
  10 cane toads
  A gargoyle (Bailey)
  3 rime drakes
  5 komodo dragons
  3 trolls
  4 polar bears (Lair:5)
  Grinder (D:3)
  6 hornets (Lair:5)
  Prince Ribbit (D:7)
  22 blink frogs
  A dream sheep (Lair:5)
  3 jumping spiders (Lair:3)
  2 wyverns
  12 spriggans (Lair:5)
  A vampire (Bailey)
  11 yaks
  Eustachio (D:5)
  3 basilisks
  A redback (Lair:3)
  3 steam dragons
  Menkaure (D:5)
  An acid dragon (D:9)
  14 water moccasins
  Pargi (Sewer)
  14 orc warriors
  An ice beast (D:8)
  4 black bears
  5 boggarts (Lair:5)
  18 wolves
  4 ogres
  7 centaurs
  2 phantoms
  3 kobold brigands
  9 bullfrogs
  A necrophage (D:4)
  3 scorpions
  6 wights (D:8)
  9 killer bees
  7 vampire bats (Bailey)
  A howler monkey (D:10)
  7 wolf zombies (Bailey)
  An electric eel (D:8)
  4 hounds
  A jelly (D:3)
  Crazy Yiuf (D:3)
  13 orc priests
  A gnoll bouda (D:9)
  Terence (D:2)
  3 iguanas
  19 orc wizards
  Natasha (thrice) (D:2)
  7 hell rats (Lair:2)
  A mummy (Ossuary)
  13 adders
  5 gnolls (D:9)
  2 white imps
  2 ufetubi
  3 worms
  2 dart slugs (D:1)
  51 orcs
  4 spectral bats (Ossuary)
  9 ball pythons
  7 endoplasms
  6 giant cockroaches
  12 gnoll zombies (Ossuary)
  13 goblins
  8 hobgoblins
  6 quokkas
  3 bat simulacra (Ossuary)
  3 frilled lizards
  A goblin simulacrum (Ossuary)
  5 goblin zombies (Ossuary)
  4 hobgoblin zombies
  29 kobolds
  3 kobold simulacra (Ossuary)
  6 kobold zombies (Ossuary)
  27 orc zombies
  9 rats
  5 rat simulacra (Ossuary)
  3 spectral goblins (Ossuary)
  2 spectral kobolds (Ossuary)
  3 spectral rats (Ossuary)
530 creatures vanquished.

Vanquished Creatures (others)
  2 orcs (D:8)
  21 fungi
  38 plants
  2 withered plants (D:8)
63 creatures vanquished.

Grand Total: 593 creatures vanquished

Notes
Turn   | Place    | Note
-------+----------+-------------------------------------------
     0 | D:1      | funkygono the Minotaur Fighter began the quest for the Orb.
     0 | D:1      | Reached XP level 1. HP: 19/19 MP: 0/0
   112 | D:1      | Reached XP level 2. HP: 17/27 MP: 1/1
   381 | D:1      | Reached skill level 3 in Long Blades
   401 | D:1      | Reached XP level 3. HP: 32/33 MP: 2/2
   795 | D:2      | Reached XP level 4. HP: 26/40 MP: 3/3
   896 | D:2      | Noticed Terence
   912 | D:2      | Killed Terence
  1029 | D:2      | Reached skill level 4 in Long Blades
  1184 | D:2      | Noticed Natasha
  1189 | D:2      | Killed Natasha
  1219 | D:2      | Reached XP level 5. HP: 45/46 MP: 4/4
  1332 | D:2      | Noticed Natasha
  1340 | D:2      | Killed Natasha
  1341 | D:2      | Reached skill level 1 in Dodging
  1470 | D:2      | Noticed Natasha
  1478 | D:2      | Killed Natasha
  1552 | D:3      | Noticed Grinder
  1571 | D:3      | Killed Grinder
  1572 | D:3      | Reached skill level 5 in Long Blades
  1572 | D:3      | Reached skill level 5 in Armour
  1572 | D:3      | Reached XP level 6. HP: 36/53 MP: 5/5
  1839 | D:3      | Reached skill level 6 in Long Blades
  2024 | D:3      | Reached XP level 7. HP: 39/60 MP: 6/6
  2417 | D:3      | Found a runed translucent door.
  2418 | D:3      | Noticed Crazy Yiuf
  2506 | D:3      | Killed Crazy Yiuf
  2620 | D:4      | Reached skill level 5 in Fighting
  2829 | D:4      | Found a glowing golden altar of the Shining One.
  2878 | D:4      | Became a worshipper of the Shining One
  3226 | D:4      | Reached skill level 7 in Long Blades
  3728 | D:5      | Entered Level 5 of the Dungeon
  3843 | D:5      | Reached skill level 1 in Throwing
  3859 | D:5      | Found a sand-covered staircase.
  3868 | Ossuary  | Entered an ossuary
  3887 | Ossuary  | Reached * piety under the Shining One
  3943 | Ossuary  | Reached ** piety under the Shining One
  4024 | Ossuary  | Reached *** piety under the Shining One
  4188 | Ossuary  | Reached **** piety under the Shining One
  4290 | D:5      | Found a burning altar of Makhleb.
  4312 | D:5      | Noticed Menkaure
  4320 | D:5      | Killed Menkaure
  4321 | D:5      | Reached skill level 8 in Long Blades
  4321 | D:5      | Reached skill level 5 in Shields
  4321 | D:5      | Reached XP level 8. HP: 18/68 MP: 7/7
  4582 | D:5      | Found Imirch's Book Shoppe.
  4583 | D:5      | Noticed Eustachio
  4599 | D:5      | Killed Eustachio
  5250 | D:6      | Reached skill level 9 in Long Blades
  5463 | D:6      | Found Nainum's CLEARANCE SALE!.
  5702 | D:6      | Found a glowing drain.
  5715 | Sewer    | Entered a sewer
  5806 | Sewer    | Noticed Pargi
  5811 | Sewer    | Killed Pargi
  5991 | D:6      | Found a staircase to the Ecumenical Temple.
  6033 | D:6      | Reached skill level 1 in Stealth
  6035 | D:6      | Found a sparkling altar of Nemelex Xobeh.
  6193 | D:7      | Reached skill level 10 in Long Blades
  6215 | D:7      | Reached XP level 9. HP: 59/77 MP: 8/8
  6334 | D:7      | Found an ornate altar of the Wu Jian Council.
  6341 | D:7      | Found a shimmering blue altar of Sif Muna.
  6349 | D:7      | Found an iron altar of Okawaru.
  6352 | D:7      | Found a blossoming altar of Fedhas.
  6366 | D:7      | Found an opulent altar of Gozag.
  6370 | D:7      | Found a stormy altar of Qazlal.
  6485 | D:7      | Found a flagged portal.
  6502 | Bailey   | Entered a bailey
  6546 | Bailey   | Reached ***** piety under the Shining One
  6620 | Bailey   | Reached skill level 11 in Long Blades
  6726 | Bailey   | Found the +2 shield of Resistance {rF++ rC++ Will++}
  6733 | Bailey   | Identified the +2 scale mail of Follow the Leader {rElec
                  | Int+4}
  6862 | Bailey   | Noticed a gargoyle
  6875 | Bailey   | Killed a gargoyle
  7208 | D:7      | Noticed Joseph
  7230 | D:7      | Killed Joseph
  7231 | D:7      | Reached skill level 12 in Long Blades
  7331 | D:7      | Reached XP level 10. HP: 83/86 MP: 9/9
  7518 | D:7      | Noticed Prince Ribbit
  7527 | D:7      | Killed Prince Ribbit
  7948 | D:8      | Reached ****** piety under the Shining One
  7986 | D:8      | Found an ancient bone altar of Kikubaaqudgha.
  8334 | D:8      | Found a snail-covered altar of Cheibriados.
  8334 | D:8      | Found a glowing silver altar of Zin.
  8779 | D:9      | Found a staircase to the Lair.
  8864 | D:9      | Reached skill level 13 in Long Blades
  8943 | D:9      | Noticed a two-headed ogre
  8945 | D:9      | Found a bloodstained altar of Trog.
  8952 | D:9      | Killed a two-headed ogre
  9375 | D:9      | Noticed a two-headed ogre
  9384 | D:9      | Killed a two-headed ogre
  9385 | D:9      | Reached XP level 11. HP: 76/95 MP: 6/10
  9657 | D:9      | Reached skill level 10 in Shields
  9767 | D:9      | Found a staircase to the Orcish Mines.
 10492 | D:10     | Entered Level 10 of the Dungeon
 10856 | D:10     | Identified the +6 long sword of Wuockuff {holy, rN+}
 10861 | D:10     | Identified the +3 leather armour of the Apprentice {rF+
                  | Dex+3}
 10887 | D:10     | Identified the +4 bardiche of the Many Beds {vorpal, rC+
                  | Str+4 Stlth+}
 10897 | D:10     | Reached skill level 1 in Invocations
 11583 | Lair:1   | Entered Level 1 of the Lair of Beasts
 12137 | Lair:1   | Reached skill level 14 in Long Blades
 13056 | Lair:2   | Noticed Erica
 13064 | Lair:2   | Killed Erica
 13065 | Lair:2   | Reached skill level 10 in Armour
 13276 | Lair:2   | Noticed a boulder beetle
 13299 | Lair:2   | Killed a boulder beetle
 13327 | Lair:2   | Reached skill level 10 in Fighting
 13383 | Lair:2   | Reached XP level 12. HP: 59/106 MP: 8/13
 13515 | Lair:2   | Found a staircase to the Shoals.
 14948 | Lair:3   | Noticed a five-headed hydra
 14961 | Lair:3   | Killed a one-headed hydra
 14962 | Lair:3   | Reached skill level 5 in Invocations
 15239 | Lair:3   | Found a hole to the Spider Nest.
 15409 | Lair:3   | Reached skill level 15 in Long Blades
 15409 | Lair:3   | Reached XP level 13. HP: 116/116 MP: 14/16
 16281 | Lair:5   | Entered Level 5 of the Lair of Beasts
 17147 | Lair:5   | Paralysed by a hornet for 1 turns
 17277 | Lair:5   | Identified the +2 spear "Biycresk" {freeze, rF+}
 17421 | Lair:5   | Reached XP level 14. HP: 126/126 MP: 17/17
 17856 | Lair:5   | Found a runed translucent door.
 17860 | Lair:5   | Found a viscous altar of Jiyva.
 18105 | Lair:5   | Found a staircase to the Slime Pits.
 18378 | Orc:1    | Entered Level 1 of the Orcish Mines
 18765 | Orc:2    | Entered Level 2 of the Orcish Mines
 18903 | Orc:2    | Found a staircase to the Elven Halls.
 18987 | Orc:2    | Noticed an orc warlord
 19019 | Orc:1    | HP: 6/127 [ettin/+0 dire flail of draining (15)]
 19020 | Orc:1    | Demolished by an ogre

Illustrated notes

Levels and vault maps discovered:
D:1:      evilmike_arrival_fibonacci_small, layout_rooms, serial_glass,
          glass_columns_a, glass_columns_b, feat_on_display, feat_on_display,
          feat_on_display, due_unseen_surprise
D:2:      layout_basic, uniq_natasha, uniq_terence
D:3:      layout_basic, uniq_grinder, uniq_crazy_yiuf_cottage
D:4:      layout_basic, lemuel_round_altar, minivault_1
D:5:      layout_loops_ring, mainiacjoe_overflow_concentric_impassable,
          enter_ossuary_3, serial_shops, nicolae_stop_n_shop_1,
          kennysheep_decorative_pillar, chequers_serial_rivers_large_a,
          uniq_eustachio, uniq_menkaure
D:6:      layout_cave_pools, nemelex_dance_club_becter,
          lemuel_temple_firewalk_b, portal_sewer_entry_e, chequers_jeans,
          nicolae_shop_clearance
D:7:      layout_basic, nicolae_overflow_hallway_of_the_gods, enter_bailey_4,
          uniq_joseph, uniq_prince_ribbit1
D:8:      layout_loops_ring, kiku_gazebo_garden_becter,
          nicolae_overflow_two_pavilions
D:9:      layout_basic, old_standard_altar, dpeg_oklobed_lair, david_orc_4
D:10:     layout_roguey, minmay_misc_feat_x
Lair:1:   layout_chaotic_city, grunt_megastairs_2
Lair:2:   layout_cave_pods, minmay_shoals_entry_centaurs, nzn_sisyphean_effort,
          lemuel_fruit_tree, grunt_megastairs_1, infiniplex_staircase_pool,
          uniq_erica
Lair:3:   layout_regular_city, spider_nest_entry_funnel_web, grunt_megastairs_5
Lair:4:   layout_roguey, serial_rivers, chequers_serial_rivers_room_a,
          chequers_serial_rivers_room_a, chequers_serial_rivers_large_b,
          chequers_serial_rivers_micro_e
Lair:5:   minmay_lair_end_enchanted_forest, layout_gridlike, slime_entry_2,
          serial_bayou_shore_a
Orc:1:    layout_caves
Orc:2:    grunt_orc_cross, layout_caves, nicolae_orc_pool_cavern

Skill      XL: |  1  2  3  4  5  6  7  8  9 10 11 12 13 14 |
---------------+-------------------------------------------+-----
Shields        | 4 5 7 9 11 12 13 14 | 14.1
Armour         | 4 5 6 7 8 9 10 11 12 | 12.7
Long Blades    | 3 4 5 6 8 10 12 13 14 15 | 15.7
Fighting       | 4 5 6 7 8 10 11 12 | 12.7
Dodging        | 1 2 4 |  4.5
Throwing       | 1 2 3 4 |  4.9
Stealth        | 1 |  1.1
Invocations    | 3 6 |  6.5

Action                   |  1- 3 |  4- 6 |  7- 9 | 10-12 | 13-15 || total
-------------------------+-------+-------+-------+-------+-------++-------
Melee: Long sword        |    77 |    85 |   510 |   613 |   538 ||  1823
       Headbutt          |    13 |    12 |   120 |   191 |   146 ||   482
       Scimitar          |       |       |       |     9 |       ||     9
Throw: Stone             |       |     3 |     6 |       |       ||     9
       Dart              |       |     1 |     9 |     3 |       ||    13
       Javelin           |       |       |    11 |       |       ||    11
       Boomerang         |       |       |       |    13 |    32 ||    45
Invok: Divine Shield     |       |       |     3 |     8 |    16 ||    27
       Cleansing Flame   |       |       |       |       |     2 ||     2
Evoke: Wand              |       |       |       |     1 |       ||     1
  Use: Scroll            |       |       |    19 |    11 |       ||    30
       Potion            |       |       |     2 |     1 |       ||     3
Armor: Scale mail        |    38 |     3 |       |       |       ||    41
       Chain mail        |       |    44 |       |       |       ||    44
       Plate armour      |       |     8 |   382 |   283 |   164 ||   837
Dodge: Dodged            |    23 |    34 |   188 |   138 |    69 ||   452
Block: Buckler           |    15 |    13 |   124 |       |       ||   152
       Kite shield       |       |       |    98 |   390 |   442 ||   930

Table legend: (Time is in decaauts)
 A = Elapsed time spent in this place.
 B = Non-inter-level travel time spent in this place.
 C = Inter-level travel time spent in this place.
 D = Time resting spent in this place.
 E = Time spent auto-exploring this place.
 F = Levels seen in this place.
 G = Mean time per level.
                   A        B        C        D        E       F      G
               +--------+--------+--------+--------+--------+-----+--------+
         Total |  18939 |  17842 |   1097 |    145 |  13398 |  20 |  947.0 |
       Dungeon |  10501 |   9646 |    855 |    145 |   7128 |  10 | 1050.1 |
          Lair |   6601 |   6361 |    240 |      0 |   5271 |   5 | 1320.2 |
  Orcish Mines |    617 |    617 |      0 |      0 |    393 |   2 |  308.5 |
         Sewer |    182 |    182 |      0 |      0 |    135 |   1 |  182.0 |
       Ossuary |    416 |    416 |      0 |      0 |    142 |   1 |  416.0 |
        Bailey |    621 |    621 |      0 |      0 |    328 |   1 |  621.0 |
               +--------+--------+--------+--------+--------+-----+--------+

Top non-repeatable levels by time:
     D:9: 1892 daAuts
  Lair:5: 1828 daAuts
  Lair:1: 1479 daAuts
  Lair:2: 1309 daAuts
     D:4: 1142 daAuts
     D:2: 1138 daAuts
     D:7: 1132 daAuts
     D:5: 1109 daAuts
  Lair:3: 1098 daAuts
    D:10: 995 daAuts
     D:3: 951 daAuts
  Lair:4: 884 daAuts
     D:6: 813 daAuts
     D:8: 781 daAuts
  Bailey: 621 daAuts
